 Dungeon Sprint DCSS version 0.24-a0-592-g9a1d66b0e3 (webtiles) character file.

Game seed: 68066561573700766, levelgen mode: deterministic

277 MordorOrchid the Poker (level 6, -5/45 HPs)
             Began as an Octopode Fighter on Sept 8, 2019.
             Was an Initiate of Cheibriados.
             Slain by an ogre
             ... wielding a +0 giant club
              (21 damage)
             ... in the Dungeon (Sprint IX: "|||||||||||||||||||||||||||||").
             The game lasted 00:02:43 (423 turns).

MordorOrchid the Poker (Octopode Fighter)            Turns: 423, Time: 00:02:44

Health: -5/45      AC:  3    Str: 17    XL:     6   Next: 26%
Magic:  4/8        EV: 14    Int: 16    God:    Cheibriados [......]
Gold:   0          SH: 10    Dex: 12    Spells: 5/5 levels left

rFire    . . .     SeeInvis .   a - +0 trident
rCold    . . .     Gourm    .   b - +0 shield
rNeg     . . .     Faith    .   (helmet restricted)
rPois    .         Spirit   .   (no amulet)
rElec    .         Reflect  .   q - +2 ring of protection
rCorr    .         Harm     .   r - +3 ring of intelligence
MR       .....     NoTele   +   (no ring)
Stlth    +++.......             (no ring)
HPRegen  0.15/turn              (no ring)
MPRegen  0.11/turn              (no ring)
                                (no ring)
                                (no ring)

@: very slightly contaminated, invisible, very slow
A: almost no armour, stealthy swim, amphibious, 8 rings, constrict 8, camouflage
1, gelatinous body 1
a: Bend Time, Renounce Religion


You were in the Dungeon.
You worshipped Cheibriados.
Cheibriados was noncommittal.
You were not hungry.

You visited 1 branch

Inventory:

Hand Weapons
 a - a +0 trident (weapon)
 o - a +2 rapier of venom
 p - a +2 scimitar of holy wrath
 y - a +2 short sword of venom
Armour
 b - a +0 shield (worn)
Magical Staves
 n - an uncursed staff of energy
Jewellery
 q - a +2 ring of protection (left tentacle)
 r - a +3 ring of intelligence (right tentacle)
Wands
 m - a wand of acid (9)
Scrolls
 j - 2 scrolls of blinking
 k - 3 scrolls of remove curse
 l - 2 scrolls of amnesia
Potions
 c - a potion of might
 f - 3 potions of heal wounds
 g - a potion of haste
 h - 4 potions of magic
 i - 4 potions of curing
Comestibles
 d - a ration


   Skills:
 - Level 5.2 Fighting
 * Level 7.9 Polearms
 + Level 5.9 Dodging
 - Level 4.0 Stealth
 + Level 5.8 Shields
 * Level 3.2 Invocations
 * Level 3.2 Evocations


You had 5 spell levels left.
You didn't know any spells.
Your spell library was empty.

Dungeon Overview and Level Annotations

Branches:
Dungeon (1/1)

Altars:
Cheibriados
Dithmenos
Elyvilon
Fedhas
Gozag
Hepliaklqana
Kikubaaqudgha
Makhleb
Nemelex Xobeh
Okawaru
Qazlal
Ru
Sif Muna
Trog
Uskayaw
Vehumet
Wu Jian
Xom
Yredelemnul
Zin
The Shining One
Beogh
Jiyva
Lugonu


Innate Abilities, Weirdness & Mutations

You cannot wear most types of armour.
You are very stealthy in the water. (Stealth+)
You are amphibious.
You can wear up to eight rings at the same time.
You can use your tentacles to constrict eight enemies at once.
Your skin changes colour to match your surroundings (Stealth+).
Your rubbery body absorbs attacks. (AC +1, EV +1)


Message History

Increase (S)trength, (I)ntelligence, or (D)exterity?
You feel clever.
Unknown command.
Evoke which item? (* to show all) (? for menu, Esc to quit)
Aiming: Corrosive Bolt
Press: ? - help, Shift-Dir - straight line, f - ogre
Aim: an ogre, wielding a +0 giant club The bolt of acid misses the ogre.
The bolt of acid hits the komodo dragon!
The komodo dragon is splashed with acid.
The komodo dragon is moderately wounded.
The bolt of acid hits the centaur!
The centaur is splashed with acid.
The centaur is heavily wounded.
The ogre completely misses you.
You barely miss the ogre. Your squeeze misses the ogre.
The komodo dragon hisses angrily.
You puncture the ogre! Your squeeze misses the ogre.
The ogre is heavily wounded.
The ogre hits you with a +0 giant club!!
You die... ▓▓▓▓▓▓▓▓▓▓▓▓▓▓▓▓▓▓▓▓▓▓▓▓ .JTcl.O@.[[[)...'_______ ▓▓▓▓▓▓▓▓▓▓▓▓▓▓▓▓▓▓▓▓▓▓▓▓

You could see a komodo dragon (wandering), a troll, an ogre, a centaur and a jelly.

Vanquished Creatures
  A hippogriff (D)
  A jelly (D)
  3 worker ants (D)
  A dart slug (D)
  An orc (D)
  A bat (D)
  A frilled lizard (D)
  A kobold (D)
  A rat (D)
11 creatures vanquished.

Notes
Turn   | Place    | Note
-------+----------+-------------------------------------------
     0 | D        | MordorOrchid the Octopode Fighter began the quest for the
                  | Orb.
     0 | D        | Reached XP level 1. HP: 16/16 MP: 1/1
     5 | D        | Reached skill level 1 in Stealth
   259 | D        | Noticed a worker ant
   259 | D        | Noticed a worker ant
   259 | D        | Noticed a worker ant
   259 | D        | Noticed a jelly
   262 | D        | Reached XP level 2. HP: 21/21 MP: 2/2
   265 | D        | Reached skill level 4 in Polearms
   265 | D        | Reached XP level 3. HP: 18/26 MP: 3/3
   268 | D        | Reached XP level 4. HP: 15/31 MP: 4/4
   273 | D        | Reached skill level 5 in Polearms
   276 | D        | Reached skill level 5 in Dodging
   276 | D        | Reached skill level 5 in Shields
   284 | D        | Found a roughly hewn altar of Beogh.
   284 | D        | Found a snail-covered altar of Cheibriados.
   284 | D        | Found a shadowy altar of Dithmenos.
   284 | D        | Found a white marble altar of Elyvilon.
   284 | D        | Found a blossoming altar of Fedhas.
   284 | D        | Found an opulent altar of Gozag.
   285 | D        | Found a hazy altar of Hepliaklqana.
   286 | D        | Found a viscous altar of Jiyva.
   287 | D        | Found an ancient bone altar of Kikubaaqudgha.
   288 | D        | Became a worshipper of Cheibriados the Contemplative
   289 | D        | Found a corrupted altar of Lugonu.
   290 | D        | Found a burning altar of Makhleb.
   291 | D        | Found a sparkling altar of Nemelex Xobeh.
   292 | D        | Found an iron altar of Okawaru.
   293 | D        | Found a stormy altar of Qazlal.
   294 | D        | Found a sacrificial altar of Ru.
   295 | D        | Found a shimmering blue altar of Sif Muna.
   296 | D        | Found a bloodstained altar of Trog.
   297 | D        | Found a hide-covered altar of Uskayaw.
   298 | D        | Found a radiant altar of Vehumet.
   299 | D        | Found an ornate altar of the Wu Jian Council.
   300 | D        | Found a shimmering altar of Xom.
   301 | D        | Found a basalt altar of Yredelemnul.
   302 | D        | Found a glowing silver altar of Zin.
   303 | D        | Found a glowing golden altar of the Shining One.
   410 | D        | Noticed a troll
   410 | D        | Noticed a centaur
   410 | D        | Noticed a komodo dragon
   410 | D        | Noticed an ogre
   410 | D        | Noticed a hippogriff
   420 | D        | Killed a hippogriff
   420 | D        | Reached skill level 5 in Fighting
   420 | D        | Reached skill level 7 in Polearms
   420 | D        | Reached XP level 5. HP: 13/39 MP: 4/7
   420 | D        | Reached XP level 6. HP: 15/45 MP: 4/8
   423 | D        | Slain by an ogre

Levels and vault maps discovered:
D:        linesprint [early_d, line_temple, items_1, d_10, items_2, lair_1,
          lair_end, items_3, orc_1, orc_end, items_4, d_15, swamp_1, shoals_1,
          snake_1, spider_1, d_20, vaults_1, items_5, swamp_end, shoals_end,
          snake_end, spider_end, vaults_end, d_27, items_6, zot_1, zot_end,
          crypt_end, forest_end, elf_end, slime_end, tomb_end, abyss_end,
          pan_hell_end]

Skill      XL: |  1  2  3  4 |
---------------+-------------+-----
Stealth        | 2 4 |  4.0
Polearms       | 4 7 |  7.9
Dodging        | 4 5 |  5.9
Shields        | 4 5 |  5.8
Fighting       | 5 |  5.2
Invocations    | 3 |  3.2
Evocations     | 3 |  3.2

Action                   |  1- 3 |  4- 6 || total
-------------------------+-------+-------++-------
Melee: Trident           |    17 |    20 ||    37
       Constrict         |     1 |     1 ||     2
       Tentacles         |     1 |     3 ||     4
Evoke: Wand              |       |     1 ||     1
  Use: Potion            |     1 |     2 ||     3
 Stab: Sleeping          |     1 |       ||     1
       Invisible         |       |     1 ||     1
Armor: Skin              |     1 |     1 ||     2
Dodge: Dodged            |     2 |    13 ||    15
Block: Shield            |     3 |     7 ||    10

Table legend:
 A = Non-vault XP
 B = Vault XP
 C = Vault XP percentage of total XP
 D = Non-vault monster count
 E = Vault monster count
 F = Vault count percentage of total count
                 A         B        C        D         E       F
            +---------+---------+-------+---------+---------+-------
      Total |       0 |     397 | 100.0 |       0 |      11 | 100.0
            +---------+---------+-------+---------+---------+-------
          D |       0 |     397 | 100.0 |       0 |      11 | 100.0
            +---------+---------+-------+---------+---------+-------
